 Dungeon Crawl Stone Soup version 0.18.1-48-g4cf74bf (webtiles) character file.

189 Elystan the Sneak (level 5, 0/43 HPs)
             Began as a Naga Enchanter on Aug 30, 2016.
             Slain by a rat (3 damage)
             ... on level 2 of the Dungeon.
             The game lasted 00:04:30 (1947 turns).

Elystan the Sneak (Naga Enchanter)                  Turns: 1947, Time: 00:04:31

Health: 0/43       AC:  3    Str: 16    XL:     5   Next: 68%
Magic:  0/8        EV: 10    Int: 16    God:
Gold:   154        SH:  0    Dex: 11    Spells: 3 memorised, 3 levels left

rFire  . . .     SeeInvis +     a - +1 dagger
rCold  . . .     Gourm    .     b - +1 robe
rNeg   . . .     Faith    .     (no shield)
rPois  +         Spirit   .     (no helmet)
rElec  .         Dismiss  .     (no cloak)
rCorr  .         Reflect  .     (no gloves)
SustAt .         Harm     .     (no barding)
MR     .....                    (no amulet)
Stlth  +++.......               (no ring)
                                (no ring)

@: mighty, very slow, not resistant to hostile enchantments, fairly stealthy
A: see invisible, deformed body, poison resistance, slowness 2, slow metabolism
1, spit poison 2, AC +1
a: Spit Poison


You were on level 2 of the Dungeon.
You were hungry.

You visited 1 branch of the dungeon, and saw 2 of its levels.

You collected 154 gold pieces.

Inventory:

Hand Weapons
 a - a +1 dagger (weapon)
Armour
 b - a +1 robe (worn)
Scrolls
 e - a scroll of identify {unknown}
 j - a scroll of immolation {unknown}
 l - a scroll of noise {unknown}
 p - a scroll of random uselessness {unknown}
Potions
 f - a potion of ambrosia {unknown}
 h - a potion of degeneration {unknown}
 i - a potion of flight {unknown}
 m - a potion of might
 n - 2 potions of berserk rage {unknown}
 r - a potion of mutation {unknown}
Books
 c - a book of Maledictions

   Spells                             Type                      Level
   a - Corona                         Hexes                        1
   b - Ensorcelled Hibernation        Hexes/Ice                    2
   c - Confuse                        Hexes                        3
   d - Tukima's Dance                 Hexes                        3
   e - Dazzling Spray                 Conjuration/Hexes            3
Comestibles
 d - 3 bread rations
 g - a slice of pizza
 k - 2 meat rations
 o - a beef jerky
 q - a royal jelly


   Skills:
 + Level 0.4 Fighting
 * Level 1.8 Short Blades
 + Level 2.4 Dodging
 * Level 6.3 Stealth
 + Level 2.5 Spellcasting
 * Level 3.8 Hexes
 + Level 1.2 Ice Magic


You had 3 spell levels left.
You knew the following spells:

 Your Spells              Type           Power        Failure   Level  Hunger
a - Corona                Hex            ##.....      6%          1    #......
b - Ensorcelled Hibernat  Hex/Ice        ##....       12%         2    ##.....
c - Confuse               Hex            ##......     14%         3    ###....


Dungeon Overview and Level Annotations

Branches:
Dungeon (2/15)

Altars:
Ashenzari


Innate Abilities, Weirdness & Mutations

You cannot wear boots.
Your serpentine skin is tough (AC +1).
You have supernaturally acute eyesight.
Armour fits poorly on your strangely shaped body.
Your system is resistant to poisons.
You cover ground very slowly.
You have a slow metabolism.
You can spit poison.


Message History

* * * LOW HITPOINT WARNING * * *
The rat misses you.
Press: ? - help, Shift-Dir - straight line, f - giant frog
Aim: a giant frog
Okay, then.
Casting: Ensorcelled Hibernation
Confirm with . or Enter, or press ? or * to list all spells.
Aiming: Confuse
Press: ? - help, Shift-Dir - straight line, f - giant frog
Aim: a giant frog (chance to defeat MR: 44%)
The giant frog appears confused.
The giant frog barely misses you.
The giant frog hits the dart slug.
The rat barely misses you.
You puncture the giant frog!
The giant frog is heavily wounded.
The giant frog closely misses the rat.
The rat bites you.
* * * LOW HITPOINT WARNING * * *
You puncture the giant frog!
You kill the giant frog!
You barely miss the rat. The rat bites you.
You die...

##...##+#$!$#+##.....#
#..### #...# ###...#
#.##.# #...# #.##..#
#.'..# #...# #..'..#
#.##.# #...# #.##..#
#..### #...# ###...####
##...####.w.####........#
###....##†##...........#
###..@†w.............#
#...r...####...#####
####..### #.#.#
#######..### #.#.# ##
##..........## #.#.## #.
##............###....###.
#..............##.#......
#.[............#.......#.
#..............#.......##


You could see a dart slug and a rat.

Vanquished Creatures
  2 giant frogs (D:2)
  3 adders (D:2)
  An ooze (D:1)
  A worm (D:2)
  A dart slug (D:1)
  A giant cockroach (D:1)
  6 goblins
  4 hobgoblins
  4 jackals (D:2)
  2 kobolds
  3 bats (D:2)
  A giant newt (D:2)
  A rat (D:2)
30 creatures vanquished.

Notes
Turn   | Place    | Note
--------------------------------------------------------------
     0 | D:1      | Elystan the Naga Enchanter began the quest for the Orb.
     0 | D:1      | Reached XP level 1. HP: 15/15 MP: 3/3
   243 | D:1      | Reached XP level 2. HP: 22/22 MP: 5/5
   401 | D:1      | Learned a level 2 spell: Ensorcelled Hibernation
  1136 | D:2      | Reached skill level 5 in Stealth
  1178 | D:2      | Reached XP level 3. HP: 12/28 MP: 6/6
  1189 | D:2      | HP: 1/28 [jackal (3)]
  1711 | D:2      | Found a shattered altar of Ashenzari.
  1796 | D:2      | Learned a level 3 spell: Confuse
  1931 | D:2      | Noticed a giant frog
  1931 | D:2      | Noticed a giant frog
  1936 | D:2      | Reached XP level 4. HP: 34/36 MP: 2/7
  1941 | D:2      | Killed a giant frog
  1941 | D:2      | Reached skill level 6 in Stealth
  1941 | D:2      | Reached skill level 1 in Ice Magic
  1941 | D:2      | Reached XP level 5. HP: 13/42 MP: 2/8
  1947 | D:2      | Slain by a rat

Skill      XL: |  1  2  3  4 |
---------------+-------------+-----
Stealth        | 5 6 |  6.3
Dodging        | 2 |  2.4
Ice Magic      | 1 |  1.2
Fighting       | |  0.4
Short Blades   | |  1.8
Spellcasting   | |  2.5
Hexes          | |  3.8

Action                   |  1- 3 |  4- 6 || total
-------------------------+-------+-------++-------
Melee: Dagger            |    83 |     7 ||    90
 Cast: Ensorcelled Hiber |     9 |       ||     9
       Corona            |     1 |       ||     1
       Confuse           |       |     1 ||     1
 Abil: Spit Poison       |    13 |     1 ||    14
  Use: Potion            |       |     1 ||     1
 Stab: Sleeping          |    10 |       ||    10
  Eat: Chunk             |     3 |       ||     3
Armor: Robe              |    23 |     3 ||    26
Dodge: Dodged            |    50 |     7 ||    57
